 Dungeon Crawl Stone Soup version 0.31-a0-889-g1a8549509d (webtiles) character file.

Game seed: 8748151847829530282

82 Kuronicle the Insei (level 4, 0/30 (32) HPs)
             Began as a Human Shapeshifter on Oct 16, 2023.
             Slain by a gnoll
             ... wielding a +2 flail of draining
              (2 damage)
             ... on level 3 of the Dungeon.
             The game lasted 00:05:00 (1842 turns).

Kuronicle the Insei (Human Shapeshifter)            Turns: 1842, Time: 00:05:00

HP:   0/30 (32)     AC:  0    Str: 14    XL:     4   Next: 70%
MP:   4/4           EV: 12    Int: 11    God:
Gold: 80            SH:  5    Dex: 14    Spells: 3/3 levels left

rFire   . .          .
                       - Unarmed
rCold   . . .        (no shield)
rNeg    . . .        (no body armour)
rPois   .            (helmet currently unavailable)
rElec   .            (cloak currently unavailable)
rCorr   .            (gloves currently unavailable)
SInv    .            (boots currently unavailable)
Will    .....        i - amulet of reflection
Stlth   ++           (no ring)
HPRegen 0.25/turn    (no ring)
MPRegen 0.09/turn

%: reflection
@: beast-form, drained
A: beast (slay +1)
a: Begin Untransformation


You were on level 3 of the Dungeon.
You were a hulking beast.
You visited 1 branch of the dungeon, and saw 3 of its levels.

You collected 80 gold pieces.

Inventory:

Hand Weapons
 k - a +0 falchion
Missiles
 e - 2 throwing nets
Armour
 a - a +0 animal skin
 f - a +0 chain mail
Jewellery
 i - an amulet of reflection (around neck)
Talismans
 c - a beast talisman (active)
 d - a flux talisman
Wands
 m - a wand of acid (4)
Scrolls
 h - a scroll of acquirement {unknown}
Potions
 b - a potion of lignification
 g - a potion of might
 j - a potion of ambrosia {unknown}
 l - a potion of enlightenment {unknown}
 n - a potion of haste {unknown}


   Skills:
 * Level 1.5 Fighting
 * Level 1.1 Armour
 * Level 2.5 Dodging
 - Level 1.0 Stealth
 * Level 0.1 Shields
 + Level 3.7 Unarmed Combat
 + Level 3.4 Shapeshifting


You had 3 spell levels left.
You didn't know any spells.
Your spell library contained the following spells:

 Spells                   Type           Power      Damage    Failure   Level
 Apportation              Tloc           0%         N/A       34%         1
 Magic Dart               Conj           0%         1d3       34%         1
 Jinxbite                 Hex            0%         N/A       47%         2
 Searing Ray              Conj           0%         2d4       47%         2
 Fulminant Prism          Conj/Hex       0%         3d5       98%         4
 Alistair's Intoxication  Tmut/Pois      0%         N/A       100%        5


Dungeon Overview and Level Annotations

Branches:
Dungeon (3/15)

Altars:

Shops:
D:2 (


Message History

Found a whip.
The gnoll shouts!
The gnoll shouts! x2
You block the gnoll's attack. The gnoll attacks as it pursues you!
The gnoll hits you with a +2 flail of draining!
You feel drained. The gnoll attacks as it pursues you!
The gnoll hits you with a +2 flail of draining.
You feel drained.
You hit the gnoll.
The gnoll is moderately wounded.
The gnoll barely misses you.
You hit the gnoll.
The gnoll is heavily wounded.
You hit the gnoll. You punch the gnoll!
The gnoll is almost dead.
You block the gnoll's attack.
You hit the gnoll.
You kill the gnoll!
The gnoll closely misses you.
You hit the gnoll.
The gnoll is lightly wounded.
You block the gnoll's attack. x2
You completely miss the gnoll.
The gnoll is lightly wounded.
The gnoll hits you with a +0 club.
You are too injured to fight recklessly!
You are too injured to fight recklessly!
You are too injured to fight recklessly!
You are too injured to fight recklessly!
You hit the gnoll.
The gnoll is severely wounded.
The gnoll hits you with a +0 whip!
* * * LOW HITPOINT WARNING * * *
You block the gnoll's attack.
The gnoll hits you with a +2 flail of draining.
* * * LOW HITPOINT WARNING * * *
You feel drained.
You die...

####....................# ....
#........).†............# ....
#........................ .....
#...............##.......
.....###....#####......##.......
............# #......##.......
............### #......##.......
..............###......##.......
#...........gh.......##.......
#...........gg..#######.......
..........###.....# #.......
....#.....# #.....# ..) ##..###
###...# .. #...# #...# . ...###
###.# ... #.# #..


You could see 3 gnolls.

Vanquished Creatures
  A gnoll (D:3)
  An adder (D:2)
  4 endoplasms
  5 giant cockroaches
  7 goblins
  3 hobgoblins
  4 quokkas
  7 ball pythons
  9 bats
  2 frilled lizards
  11 kobolds
  4 rats
58 creatures vanquished.

Notes
Turn   | Place    | Note
-------+----------+-------------------------------------------
     0 | D:1      | Kuronicle the Human Shapeshifter began the quest for the
                  | Orb.
     0 | D:1      | Reached XP level 1. HP: 15/15 MP: 1/1
    55 | D:1      | Reached XP level 2. HP: 20/21 MP: 2/2
   178 | D:1      | Reached XP level 3. HP: 17/26 MP: 3/3
  1096 | D:2      | Found Kerph's Antique Weapon Shoppe.
  1158 | D:2      | Reached XP level 4. HP: 32/32 MP: 4/4
  1647 | D:2      | Reached skill level 1 in Stealth
  1731 | D:3      | Reached skill level 1 in Armour
  1842 | D:3      | Slain by a gnoll

Illustrated notes

Levels and vault maps discovered:
D:1:      minmay_arrival_hallway, layout_rooms, serial_aquarium,
          aquarium_bridge_long_joined [aquarium_subvault_wall,
          aquarium_subvault_balcony, aquarium_subvault_bridge,
          aquarium_subvault_bridge, aquarium_subvault_bridge,
          aquarium_subvault_wall], aquarium_window_fake,
          aquarium_window_corridor_1, aquarium_view_2c, aquarium_view_2g
D:2:      layout_loops_ring, serial_shops, shop
D:3:      layout_basic, minmay_quantized

Skill      XL: |  1  2  3  4 |
---------------+-------------+-----
Stealth        | 1 |  1.0
Armour         | 1 |  1.1
Fighting       | |  1.5
Dodging        | |  2.5
Shields        | |  0.1
Unarmed Combat | |  3.7
Shapeshifting  | |  3.4

Action                     |  1- 3 |  4- 6 || total
---------------------------+-------+-------++-------
  Melee: Unarmed           |    90 |    58 ||   148
         Punch             |     2 |     3 ||     5
    Use: Scroll            |     6 |       ||     6
   Stab: Sleeping          |       |     1 ||     1
 Armour: Animal skin       |    50 |       ||    50
         Skin              |     5 |    31 ||    36
  Dodge: Dodged            |    74 |    27 ||   101
  Block: Other             |     3 |    13 ||    16

Table legend: (Time is in decaauts)
 A = Elapsed time spent in this place.
 B = Non-inter-level travel time spent in this place.
 C = Inter-level travel time spent in this place.
 D = Time resting spent in this place.
 E = Time spent auto-exploring this place.
 F = Levels seen in this place.
 G = Mean time per level.
                   A        B        C        D        E       F      G
               +--------+--------+--------+--------+--------+-----+--------+
         Total |   1832 |   1719 |    113 |    158 |   1168 |   3 |  610.7 |
       Dungeon |   1832 |   1719 |    113 |    158 |   1168 |   3 |  610.7 |
               +--------+--------+--------+--------+--------+-----+--------+

Top non-repeatable levels by time:
     D:1: 867 daAuts
     D:2: 836 daAuts
     D:3: 127 daAuts
